 Dungeon Crawl Stone Soup version 0.20-a0-1039-gf554463 (console) character file.

130 r4s the Scratcher (level 4, 21/21 HPs)
             Began as a Felid Chaos Knight on Apr 22, 2017.
             Quit the game on level 3 of the Dungeon.
             The game lasted 00:18:12 (2998 turns).

r4s the Scratcher (Felid Chaos Knight)              Turns: 2998, Time: 00:18:13

Health: 21/21      AC:  1    Str:  8    XL:     4   Next: 90%
Magic:  5/5        EV: 20    Int: 14    God:    Xom [.*....]
Gold:   142        SH:  0    Dex: 16    Spells: 3/3 levels left
                                        Lives:  0   Deaths: 1

rFire    . . .     SeeInvis +     - Unarmed
rCold    . . .     Gourm    .   (shield unavailable)
rNeg     . . .     Faith    +   (armour unavailable)
rPois    .         Spirit   .   (helmet unavailable)
rElec    .         Reflect  .   (cloak unavailable)
rCorr    .         Harm     .   (gloves unavailable)
MR       .....                  (boots unavailable)
Stlth    +++.......             n - amulet of faith
Regen    0.1/turn               (no ring)
MPRegen  0.1/turn               (no ring)

@: quick
A: no armour, no weapons or thrown items, stealth, claws 1, fangs 3, see
invisible, carnivore 3, speed 1, shaggy fur 1, slow metabolism 1, sharp paws
a: Renounce Religion


You were on level 3 of the Dungeon.
You worshipped Xom.
You were a plaything of Xom.
You were not hungry.

You visited 1 branch of the dungeon, and saw 7 of its levels.

You collected 142 gold pieces.

Inventory:

Jewellery
 n - an amulet of faith (around neck)
Scrolls
 c - 2 scrolls of remove curse
 g - a scroll of enchant weapon {unknown}
 i - a scroll of teleportation
 j - a scroll of amnesia {unknown}
 k - a scroll of fear {unknown}
 l - a scroll of identify
 o - a scroll of magic mapping {unknown}
Potions
 b - 2 potions of heal wounds
 e - a potion of curing {unknown}
 h - 2 potions of mutation {unknown}
 m - a potion of lignification {unknown}
Comestibles
 a - 3 meat rations
 d - 3 royal jellies
 f - 4 chunks of flesh


   Skills:
 + Level 3.4 Fighting
 * Level 4.7 Dodging
 * Level 3.5 Stealth
 + Level 5.2 Unarmed Combat


You had 3 spell levels left.
You didn't know any spells.

Dungeon Overview and Level Annotations

Branches:
Dungeon (7/15)
 Temple: D:4-7

Altars:
Okawaru

Annotations:
D:2 exclusion: downstairs
D:3 Grinder


Innate Abilities, Weirdness & Mutations

You cannot wear armour.
You are incapable of wielding weapons or throwing items.
Your paws allow you to move quietly. (Stealth)
You have sharp claws.
You have razor-sharp teeth.
You have supernaturally acute eyesight. (SInv)
You are carnivorous and can eat meat at any time.
You cover ground quickly.
You are covered in fur. (AC +1)
You have a slow metabolism.
Your sharp claws are effective at attacking unaware monsters.


Message History

You scratch the gnoll. Your bite misses the gnoll.
The gnoll is almost dead.
The gnoll hits you from afar with an enchanted spear.
The gnoll hits you with a whip.
You scratch the gnoll but do no damage.
The gnoll is almost dead.
The gnoll hits you from afar with an enchanted spear!
* * * LOW HITPOINT WARNING * * *
The gnoll closely misses you.
You completely miss the gnoll.
The gnoll is almost dead.
The gnoll hits you from afar with an enchanted spear!
Ouch! That really hurt!
You die...
Xom chortles!
The gnoll hits you with a whip.
You are now level 4!
You rejoin the land of the living...
You can't grasp things well enough to throw them.
Are you sure you want to abandon this character and quit the game? (Confirm with "yes".)

.##........##...# ######....%.
.##........##...# #####....#######
.##........##...# #...+(...').....
.##........##...####>###....#######
..'........'..............(.'......
###........#########.#.#..).##.####
###........#########.#'#....##.#
..................%.(.......##.#
#################@..........##.#
#...........##.# #...........##.# #
####### #.........####.# #
.......##########.........####.####
######.#...................#.......
...#....###########..#.#.#.####
####.#......# #<......(..#.#.# #
.......##...# #.#.####..##.#.## #


There were no monsters in sight!

Vanquished Creatures
  A bullfrog (D:3)
  A howler monkey (D:4)
  Jessica (D:2)
  A gnoll (D:3)
  3 adders
  2 worms
  A dart slug (D:2)
  2 leopard geckos
  4 orcs (D:3)
  6 bats
  4 giant cockroaches
  8 goblins
  11 hobgoblins
  15 jackals
  A quokka (D:2)
  7 frilled lizards
  4 kobolds
  3 rats
75 creatures vanquished.

Notes
Turn   | Place    | Note
-------+----------+-------------------------------------------
     0 | D:1      | r4s the Felid Chaos Knight began the quest for the Orb.
     0 | D:1      | Reached XP level 1. HP: 10/10 MP: 2/2
    39 | D:1      | XOM: harmless Fire miscast
    42 | D:1      | XOM: butterfly on damage
   195 | D:1      | Reached XP level 2. HP: 14/14 MP: 3/3
   207 | D:1      | Reached skill level 1 in Stealth
   304 | D:1      | XOM: harmless Tmut miscast
   603 | D:1      | XOM: smoke on damage
   950 | D:1      | Reached XP level 3. HP: 15/17 MP: 4/4
  1130 | D:2      | Found an iron altar of Okawaru.
  1420 | D:2      | XOM: harmless Tloc miscast
  1431 | D:2      | Noticed Jessica
  1444 | D:2      | Killed Jessica
  1444 | D:2      | Reached XP level 4. HP: 21/21 MP: 5/5
  1490 | D:2      | Reached skill level 4 in Unarmed Combat
  2071 | D:3      | XOM: cloud trail
  2131 | D:3      | XOM: noise
  2215 | D:3      | Noticed a bullfrog
  2469 | D:3      | XOM: cloud trail
  2488 | D:3      | XOM: confuse monster(s)
  2489 | D:3      | Killed a bullfrog
  2489 | D:3      | Reached XP level 5. HP: 19/24 MP: 6/6
  2561 | D:3      | XOM: harmless Tmut miscast
  2590 | D:3      | XOM: noise
  2598 | D:3      | XOM: cast spell 'Cause Fear'
  2622 | D:3      | You fall through a shaft for 3 floors!
  2627 | D:6      | XOM: potion effect (heal wounds)
  2674 | D:5      | Entered Level 5 of the Dungeon
  2684 | D:4      | Reached skill level 5 in Unarmed Combat
  2685 | D:4      | XOM: silly message
  2753 | D:3      | Noticed Grinder
  2997 | D:3      | Mangled by a gnoll
  2998 | D:3      | Reached XP level 4. HP: -6/21 MP: 5/5
  2998 | D:3      | Quit the game

Vault maps used:
D:1:      dpeg_arrival_round_c
D:2:      okawaru_trees_2, first_bread, uniq_jessica
D:3:      uniq_grinder
D:4:      yredelemnul_altar_generic, uniq_menkaure, uniq_natasha, uniq_duvessa
D:5:      minmay_temple_entry_glassed_door, serial_shops,
          nicolae_shop_temple_entry_statues_fountains, serial_glass,
          glass_columns_b, glass_columns_c, minmay_strange_pillars,
          due_unseen_surprise
D:6:      cheibrodos_ashenzari_chains, serial_shops, shop, lemuel_statue_altar
D:7:      serial_shops, shop

Skill      XL: |  1  2  3  4  5 |
---------------+----------------+-----
Stealth        | 1 2 3 |  3.5
Dodging        | 4 |  4.7
Unarmed Combat | 4 5 |  5.2
Fighting       | |  3.4

Action                   |  1- 3 |  4- 6 || total
-------------------------+-------+-------++-------
Melee: Unarmed           |   102 |   130 ||   232
       Bite              |     7 |     4 ||    11
       Punch             |     2 |       ||     2
  Use: Scroll            |     2 |     1 ||     3
       Potion            |     1 |     2 ||     3
 Stab: Sleeping          |     5 |     5 ||    10
       Distracted        |       |     1 ||     1
  Eat: Chunk             |     8 |     3 ||    11
Armor: Skin              |     7 |     2 ||     9
Dodge: Dodged            |    69 |    86 ||   155
